 Dungeon Crawl Stone Soup version 0.20.0-6-gd3061e9 (webtiles) character file.

601 Gorglomux the Skirmisher (level 7, -7/88 HPs)
             Began as a Demonspawn Berserker on May 28, 2017.
             Was a Priest of Trog.
             Killed by divine providence
             ... invoked by an orc priest
              (12 damage)
             ... on level 4 of the Dungeon.
             The game lasted 00:02:11 (2987 turns).

Gorglomux the Skirmisher (Demonspawn Berserker)     Turns: 2987, Time: 00:02:13

Health: -7/88      AC:  6    Str: 22    XL:     7   Next: 18%
Magic:  7/7        EV: 11    Int:  9    God:    Trog [***...]
Gold:   187        SH:  0    Dex: 14    Spells: 6/6 levels left

rFire    . . .     SeeInvis .   a - +0 falchion
rCold    . . .     Gourm    .   (no shield)
rNeg     . . .     Faith    .   i - +0 ring mail
rPois    .         Spirit   .   (helmet restricted)
rElec    .         Reflect  .   (no cloak)
rCorr    .         Harm     .   L - +0 pair of gloves
MR       ++...                  (no boots)
Stlth    ..........             (no amulet)
Regen    1.3/turn               l - ring of flight
MPRegen  0.1/turn               (no ring)

@: berserking, regenerating, very quick
A: horns 1, spiny 1, rot immunity
a: Berserk, Trog's Hand, Burn Spellbooks, Renounce Religion, Evoke Flight


You were on level 4 of the Dungeon.
You worshipped Trog.
Trog was most pleased with you.
You were very hungry.

You visited 1 branch of the dungeon, and saw 4 of its levels.

You collected 187 gold pieces.

Inventory:

Hand Weapons
 a - a +0 falchion (weapon)
Armour
 b - a +0 animal skin
 i - a +0 ring mail (worn)
 L - a +0 pair of gloves (worn)
Jewellery
 l - a ring of flight (left hand)
Scrolls
 d - 5 scrolls of teleportation {unknown}
 h - 2 scrolls of noise {unknown}
 j - 2 scrolls of immolation {unknown}
 A - 2 scrolls of identify {unknown}
 B - a scroll of remove curse {unknown}
 C - a scroll of enchant weapon {unknown}
 D - a scroll of recharging {unknown}
 H - a scroll of blinking {unknown}
 I - a scroll of magic mapping {unknown}
Potions
 E - a potion of lignification {unknown}
 G - 2 potions of might {unknown}
 J - 2 potions of curing {unknown}
 K - a potion of flight {unknown}
 M - a potion of resistance {unknown}
Comestibles
 c - 3 bread rations
 g - 6 fruits
 z - 4 meat rations


   Skills:
 + Level 6.4 Fighting
 + Level 5.4 Long Blades
 - Level 1.7 Armour
 - Level 1.7 Dodging


You had 6 spell levels left.
You didn't know any spells.

Dungeon Overview and Level Annotations

Branches:
Dungeon (4/15)
 Temple: D:4-7

Altars:
Gozag


Innate Abilities, Weirdness & Mutations

You have a pair of small horns on your head.
You are partially covered in sharp spines.
You are immune to rotting.


Message History

You hit the orc.
You kill the orc!
Trog accepts your kill. The orc hits you but does no damage.
You see here a dagger.
You feel a strong urge to attack something.
The orc is struck by your spines. The orc hits you but does no damage.
The orc is struck by your spines. The orc hits you with a trident!
* * * LOW HITPOINT WARNING * * *
Found 12 gold pieces.
You hit the orc but do no damage.
The orc is heavily wounded.
You slash the orc!
You kill the orc!
Trog accepts your kill. The orc hits you with a trident.
* * * LOW HITPOINT WARNING * * *
The orc priest calls down the wrath of Beogh upon you.
Beogh smites you!
You die...

### ####### ..#
..$.... ###.#
###....... #####
..#.# #.........
....# #.#.#
#.#....... ....#
#.#.# #.#o......
....# #.#.#
#.#[...<.. ....#
#.#.####.@o#
....####.......)#.#
....#...##.####.#.#
...........# #.#.#
........#### #.#.#
........# #.#.#
.....#### #.#$#
.....# #.#.# ####.#
#..


You could see an orc priest and an orc.

Vanquished Creatures
  Sigmund (D:3)
  An ogre (D:3)
  2 orc priests
  A hound (D:3)
  Terence (D:2)
  2 worker ants (D:4)
  A hound skeleton (D:4)
  A gnoll (D:1)
  8 adders
  An ooze (D:3)
  A worm (D:2)
  A dart slug (D:2)
  4 leopard geckos
  11 orcs
  5 giant cockroaches (D:1)
  8 goblins
  8 hobgoblins
  9 jackals
  6 bats
  3 frilled lizards
  A kobold (D:2)
  7 rats
83 creatures vanquished.

Notes
Turn   | Place    | Note
-------+----------+-------------------------------------------
     0 | D:1      | Gorglomux the Demonspawn Berserker began the quest for the Orb.
     0 | D:1      | Reached XP level 1. HP: 18/18 MP: 1/1
   195 | D:1      | Gained mutation: You have a pair of small horns on your head. [demonic ancestry]
   195 | D:1      | Reached XP level 2. HP: 24/24 MP: 2/2
   208 | D:1      | Reached skill level 3 in Long Blades
   441 | D:1      | Reached ** piety under Trog
   571 | D:1      | Reached XP level 3. HP: 24/30 MP: 3/3
  1007 | D:2      | Reached skill level 4 in Fighting
  1039 | D:2      | Noticed Terence
  1067 | D:2      | Killed Terence
  1067 | D:2      | Gained mutation: You are immune to rotting. [demonic ancestry]
  1067 | D:2      | Reached XP level 4. HP: 3/37 MP: 4/4
  1999 | D:3      | Reached XP level 5. HP: 29/43 MP: 5/5
  2044 | D:3      | Found an opulent altar of Gozag.
  2068 | D:3      | Reached skill level 5 in Fighting
  2150 | D:3      | Noticed an ogre
  2156 | D:3      | Killed an ogre
  2156 | D:3      | Gained mutation: You are partially covered in sharp spines. [demonic ancestry]
  2156 | D:3      | Reached XP level 6. HP: 43/51 MP: 6/6
  2528 | D:3      | Noticed Sigmund
  2536 | D:3      | Reached *** piety under Trog
  2547 | D:3      | Killed Sigmund
  2547 | D:3      | Reached skill level 6 in Fighting
  2723 | D:4      | Reached XP level 7. HP: 23/58 MP: 7/7
  2987 | D:4      | Killed from afar by an orc priest

Skill      XL: |  1  2  3  4  5  6 |
---------------+-------------------+-----
Long Blades    | 3 4 5 |  5.4
Fighting       | 4 5 6 |  6.4
Armour         | |  1.7
Dodging        | |  1.7

Action                   |  1- 3 |  4- 6 |  7- 9 || total
-------------------------+-------+-------+-------++-------
Melee: Falchion          |    74 |   100 |    12 ||   186
       Headbutt          |    17 |    24 |     1 ||    42
Invok: Berserk           |     2 |     4 |     2 ||     8
       Trog's Hand       |       |     1 |     1 ||     2
  Eat: Chunk             |       |    12 |     2 ||    14
Armor: Animal skin       |    14 |       |       ||    14
       Ring mail         |       |    41 |     9 ||    50
Dodge: Dodged            |    47 |    63 |     4 ||   114
       Rpst.: Falchion   |    16 |    23 |     3 ||    42
